 Dungeon Crawl Stone Soup version 0.31.0-7-gf635a9b802 (webtiles) character file.

Game seed: 6021117342445210693

187 sasquatch the Shooter (level 5, -1/38 HPs)
             Began as a Formicid Hunter on Jan 23, 2024.
             Was a Believer of Zin.
             Slain by an orc priest
             ... wielding a +0 whip
              (4 damage)
             ... on level 3 of the Dungeon.
             The game lasted 00:04:16 (2114 turns).

sasquatch the Shooter (Formicid Hunter)             Turns: 2114, Time: 00:04:16

Health: -1/38      AC:  3    Str: 15    XL:     5   Next: 99%
Magic:  5/5        EV: 12    Int:  9    God:    Zin [**....]
Gold:   165        SH:  0    Dex: 19    Spells: 4/4 levels left

rFire   + . .        t - +2 dagger (venom)
rCold   + . .        (no shield)
rNeg    . . .        f - +1 robe {rC+ rF+}
rPois   .            (helmet unavailable)
rElec   .            (no cloak)
rCorr   .            (no gloves)
SInv    +            (no boots)
Will    .....        e - amulet of magic regeneration
Stlth   ++           i - ring of wizardry
HPRegen 0.26/turn    (no ring)
MPRegen 0.49/turn

%: wizardry (x1)
@: no status effects
A: permanent stasis, dig shafts and tunnels, antennae 3, four strong arms
a: Dig, Shaft Self, Renounce Religion, Recite, Vitalisation, Donate Gold


You were on level 3 of the Dungeon.
You worshipped Zin.
Zin was pleased with you.
You visited 1 branch of the dungeon, and saw 3 of its levels.

You collected 213 gold pieces.
You spent 30 gold pieces at shops.
You donated 18 gold pieces to Zin.

Inventory:

Hand Weapons
 a - a +0 shortbow
 t - a +2 dagger of venom (weapon)
Armour
 c - a +0 leather armour
 f - a +1 robe of resistance (worn)
Jewellery
 e - an amulet of magic regeneration (around neck)
 i - a ring of wizardry (left hand)
 l - an amulet of faith
 s - a ring of ice
Scrolls
 b - a scroll of butterflies
 d - a scroll of noise {unknown}
 j - a scroll of poison {unknown}
 k - 2 scrolls of enchant weapon {unknown}
 o - 3 scrolls of teleportation {unknown}
 q - 3 scrolls of identify {unknown}
Potions
 h - a potion of attraction {unknown}
 m - a potion of degeneration {unknown}
 n - a potion of enlightenment {unknown}
 p - 2 potions of curing
 r - a potion of mutation {unknown}


   Skills:
 - Level 2.1 Fighting
 + Level 3.3 Short Blades
 + Level 5.6 Ranged Weapons
 - Level 1.7 Dodging
 - Level 1.2 Stealth


You had 4 spell levels left.
You didn't know any spells.
Your spell library contained the following spells:

 Spells                   Type           Power      Damage    Failure   Level
 Ozocubu's Armour         Ice            0%         N/A       43%         3
 Metabolic Englaciation   Hex/Ice        0%         N/A       98%         5
 Sculpt Simulacrum        Ice/Alch       0%         N/A       100%        6


Dungeon Overview and Level Annotations

Branches:
Dungeon (3/15)

Altars:
Nemelex Xobeh
Zin

Shops:
D:3 !

Annotations:
D:3 3 runed translucent doors, thirtiethelement's ghost, amateur DsBe


Innate Abilities, Weirdness & Mutations

You cannot be hasted, slowed, berserked, paralysed or teleported.
You can dig through walls and to a lower floor.
You have a pair of large antennae on your head. (SInv)
Your four strong arms can wield two-handed weapons with a shield.


Message History

You hit the orc priest.
The orc priest is poisoned.
The orc priest is lightly wounded.
The orc priest barely misses you. The orc barely misses you.
The orc priest looks encouraged for a moment.
You barely miss the orc priest.
The orc priest is lightly wounded.
The orc priest hits you but does no damage.
The orc barely misses you. The orc hits you with a +0 dagger.
The orc priest calls upon Beogh to heal the orc priest.
The orc priest's wounds heal themselves!
You closely miss the orc.
The orc priest hits you with a +0 dagger.
The orc priest hits you with a +0 whip. The orc misses you.
The orc hits you but does no damage.
Unknown command.
You closely miss the orc.
The orc priest looks satisfied for a moment.
The orc priest invokes the aid of Beogh against you.
Beogh smites you! The orc barely misses you.
The orc hits you but does no damage.
Unknown command.
You barely miss the orc.
Unknown command.
You hit the orc.
The orc is poisoned.
Your punch misses the orc.
The orc is lightly wounded.
The orc priest hits you with a +0 dagger.
The orc priest hits you with a +0 whip.
* * * LOW HITPOINT WARNING * * *
The orc hits you but does no damage. The orc hits you with a +0 war axe.
* * * LOW HITPOINT WARNING * * *
Unknown command.
You hit the orc.
The orc is moderately wounded.
The orc priest closely misses you. x2; The orc barely misses you.
The orc closely misses you.
Unknown command.
You closely miss the orc.
The orc is moderately wounded.
The orc priest misses you. The orc priest hits you with a +0 whip.
You die...

#.........#.....((#
#.####'##.#.(.(...# ..#
#.##.######### # ..#
#......†...... . # ..#
####.#.###.###.#.#
#.#######.#.###.###...#.
#.......................
..............#.#o......
.#.####.........@oo.....
.#... +.........oo......
.#+####...#####.#.#.....
.. ..... #.#.# ##.. ...
...... #.#.# . ...
...... #.#.# ##+. ...
..... #.#.#


You could see 3 orc priests and 2 orcs.

Vanquished Creatures
  Terence (D:3)
  Natasha (thrice) (D:3)
  4 adders
  An orc (D:3)
  4 bats
  3 endoplasms
  2 giant cockroaches
  3 goblins
  12 hobgoblins
  2 jackals (D:2)
  4 quokkas
  3 ball pythons
  2 kobolds (D:1)
  5 rats
49 creatures vanquished.

Notes
Turn   | Place    | Note
-------+----------+-------------------------------------------
     0 | D:1      | sasquatch the Formicid Hunter began the quest for the Orb.
     0 | D:1      | Reached XP level 1. HP: 16/16 MP: 1/1
   233 | D:1      | Reached XP level 2. HP: 20/22 MP: 2/2
   902 | D:1      | Reached skill level 1 in Short Blades
   928 | D:1      | Reached XP level 3. HP: 27/27 MP: 3/3
  1254 | D:2      | Reached XP level 4. HP: 33/33 MP: 4/4
  1499 | D:2      | Found a sparkling altar of Nemelex Xobeh.
  1620 | D:3      | Reached skill level 5 in Ranged Weapons
  1633 | D:3      | Found Egyutea's Distillery.
  1685 | D:3      | Bought a potion of curing for 30 gold pieces
  1696 | D:3      | Noticed Natasha
  1708 | D:3      | Killed Natasha
  1709 | D:3      | Reached XP level 5. HP: 15/38 MP: 5/5
  1811 | D:3      | Found a faded altar of an unknown god.
  1878 | D:3      | Prayed at the altar of an unknown god.
  1878 | D:3      | Became a worshipper of Zin the Law-Giver
  1878 | D:3      | Reached * piety under Zin
  1878 | D:3      | Reached ** piety under Zin
  1892 | D:3      | Noticed Terence
  1906 | D:3      | Killed Terence
  2059 | D:3      | Found a runed translucent gate.
  2059 | D:3      | Found a runed translucent gate.
  2063 | D:3      | Found a runed translucent gate.
  2064 | D:3      | Noticed thirtiethelement's ghost (amateur DsBe)
  2075 | D:3      | Noticed Natasha
  2080 | D:3      | Killed Natasha
  2089 | D:3      | Noticed Natasha
  2096 | D:3      | Killed Natasha
  2114 | D:3      | Slain by an orc priest

Illustrated notes

Levels and vault maps discovered:
D:1:      dpeg_arrival_connections, layout_basic
D:2:      layout_basic, basic_altar, hangedman_decor_growths, minmay_liquid_box
D:3:      layout_basic, zin_statuary, ebering_ecumenical_altar_rust,
          serial_shops, shop, ebering_ghost_rock_garden, uniq_terence,
          uniq_natasha

Skill      XL: |  1  2  3  4  5 |
---------------+----------------+-----
Short Blades   | 1 2 3 |  3.3
Ranged Weapons | 5 |  5.6
Fighting       | |  2.1
Dodging        | |  1.7
Stealth        | |  1.2

Action                     |  1- 3 |  4- 6 || total
---------------------------+-------+-------++-------
  Melee: Dagger            |    65 |    77 ||   142
         Punch             |       |     1 ||     1
   Fire: Shortbow          |     1 |       ||     1
   Stab: Sleeping          |     2 |     3 ||     5
 Armour: Robe              |    30 |    45 ||    75
  Dodge: Dodged            |    36 |    48 ||    84
